 Dungeon Crawl Stone Soup version 0.30-a0-141-g30f27751c5 (webtiles) character file.

Game seed: 12173662755069418613

31 qw the Shield-Bearer (level 3, -1/23 HPs)
             Began as a Gargoyle Fighter on Sept 25, 2022.
             Slain by Sigmund
             ... wielding a +0 scythe
              (4 damage)
             ... on level 2 of the Dungeon.
             The game lasted 00:00:27 (1408 turns).

qw the Shield-Bearer (Gargoyle Fighter)             Turns: 1408, Time: 00:00:27

Health: -1/23      AC: 10    Str: 21    XL:     3   Next: 22%
Magic:  3/3        EV:  9    Int:  8    God:
Gold:   111        SH:  4    Dex:  9    Spells: 2/2 levels left

rFire   . . .      SeeInvis .    Y - +0 war axe
rCold   . . .      Faith    .    c - +0 buckler
rNeg    + . .      Spirit   .    b - +0 scale mail
rPois   inf        Reflect  .    (no helmet)
rElec   +          Harm     .    (no cloak)
rCorr   .          Rampage  .    (no gloves)
Will    .....                    (no boots)
Stlth   ..........               (no amulet)
HPRegen 0.07/turn                (no ring)
MPRegen 0.08/turn                (no ring)

@: no status effects
A: sickness immunity, AC +3, negative energy resistance 1, electricity
resistance, torment resistance 1, petrification resistance
a: no special abilities


You were on level 2 of the Dungeon.
You visited 1 branch of the dungeon, and saw 2 of its levels.

You collected 111 gold pieces.


Innate Abilities, Weirdness & Mutations

You are immune to sickness and miasma.
Your stone body is resilient. (AC +3)
You are immune to poison.
You resist negative energy. (rN+)
You are resistant to electric shocks. (rElec)
You are resistant to unholy torment.
You are immune to petrification.


   Skills:
 - Level 3.2 Fighting
 + Level 3.2 Axes
 - Level 3.2 Armour
 - Level 3.2 Shields


You had 2 spell levels left.
You didn't know any spells.
Your spell library was empty.

Inventory:

Hand Weapons
 h - a +0 club
 Y - a +0 war axe (weapon)
Armour
 b - a +0 scale mail (worn)
 c - a +0 buckler (worn)
Scrolls
 a - 4 scrolls of identify
 g - 2 scrolls of teleportation
Potions
 d - a potion of might
 e - a potion of degeneration {unknown}
 f - a potion of haste {unknown}
 i - a potion of invisibility {unknown}
 k - a potion of curing {unknown}
 l - a potion of flight {unknown}

Dungeon Overview and Level Annotations

Branches:
Dungeon (2/15)

Altars:

Annotations:
D:2 Sigmund


Message History

The goblin hits you but does no damage.
You slash the goblin!
You kill the goblin!
You now have 74 gold pieces (gained 8).
You see here a +0 dagger.
You now have 92 gold pieces (gained 18).
a - 3 scrolls of identify (gained 1)
a - 4 scrolls of identify (gained 1)
e - a bubbling green potion
Enter note:
Found a stone staircase leading up.
An endoplasm comes into view.
The endoplasm jiggles.
You slash the endoplasm!
You kill the endoplasm!
You now have 106 gold pieces (gained 14).
Found a ring mail.
You see here a +0 ring mail.
You now have 111 gold pieces (gained 5).
Sigmund the Dreaded comes into view.
He is wielding a +0 scythe.
Sigmund shouts!
1397 ||| Stepping ~*~*~tactically~*~*~ (hiding).
You start waiting.
Sigmund is nearby!
Sigmund casts a spell.
Sigmund flickers and vanishes!
Deactivating autopickup; reactivate with Ctrl-A.
You barely miss something. Something hits you.
You closely miss something.
You hear some strange, mumbled words.
A magic dart appears from out of thin air!
The magic dart hits you!
You hit something. Something hits you!
You miss something. You block something's attack.
You miss something. Something hits you.
You die...

###.#######
#...#......
#.........
...#.....
#..#.##.#
#..#.##.#
#..#.##.#####.#
#.{@..........#.
#.##...[........
# #.##..#######
#.###.# #.# #.#
#.# #.# #.# #.#
#.# #.# #.###.#


There were no monsters in sight!

Vanquished Creatures
  4 ball pythons (D:1)
  4 endoplasms
  3 goblins
  3 hobgoblins (D:1)
  3 jackals (D:1)
  A kobold (D:1)
  2 quokkas (D:1)
  2 bats
  3 frilled lizards (D:2)
  3 rats (D:1)
28 creatures vanquished.

Vanquished Creatures (others)
  2 plants (D:1)
2 creatures vanquished.

Grand Total: 30 creatures vanquished

Notes
Turn   | Place    | Note
-------+----------+-------------------------------------------
     0 | D:1      | qw the Gargoyle Fighter began the quest for the Orb.
     0 | D:1      | Reached XP level 1. HP: 14/14 MP: 1/1
     0 | D:1      | 0 ||| qw: Version: 0.2-a-10-g399e6c4
     0 | D:1      | 0 ||| qw: Game counter: 220
     0 | D:1      | 0 ||| qw: Always use a shield: true
     0 | D:1      | 0 ||| qw: God list: Okawaru
     0 | D:1      | 0 ||| qw: Allow faded altars: false
     0 | D:1      | 0 ||| qw: Do Orc after D:15 true
     0 | D:1      | 0 ||| qw: Do second Lair branch before Depths: true
     0 | D:1      | 0 ||| qw: Lair rune preference: random
     0 | D:1      | 0 ||| qw: Plans: Normal, Zot:1-4, God:TSO, Crypt, Tomb,
                  | Pan, Slime:5, Hells, Abyss, Orb
     0 | D:1      | 0 ||| PLANNING D:1-11
   245 | D:1      | 245 ||| Stepping ~*~*~tactically~*~*~ (stealth).
   250 | D:1      | Reached XP level 2. HP: 19/19 MP: 2/2
   292 | D:1      | 292 ||| Stepping ~*~*~tactically~*~*~ (stealth).
   526 | D:1      | 526 ||| Stepping ~*~*~tactically~*~*~ (stealth).
   703 | D:1      | Reached skill level 3 in Axes
  1041 | D:1      | 1041 ||| Stepping ~*~*~tactically~*~*~ (stealth).
  1050 | D:1      | Reached XP level 3. HP: 12/23 MP: 3/3
  1228 | D:1      | 1228 ||| READING 2 scrolls labelled CATYDD ZEALU.
  1229 | D:1      | 1229 ||| READING 2 scrolls labelled SIERYTISKUH.
  1232 | D:1      | 1232 ||| READING scroll labelled RECANY DOEWKE.
  1264 | D:2      | 1264 ||| Stepping ~*~*~tactically~*~*~ (stealth).
  1265 | D:2      | 1265 ||| Stepping ~*~*~tactically~*~*~ (stealth).
  1396 | D:2      | Noticed Sigmund
  1397 | D:2      | 1397 ||| Stepping ~*~*~tactically~*~*~ (hiding).
  1406 | D:2      | HP: 3/23 [something (8)]
  1408 | D:2      | Slain by Sigmund

Levels and vault maps discovered:
D:1:      dpeg_arrival_round_a, layout_loops_ring, serial_bayou_ford_a
D:2:      layout_loops_ring, dreamdust_ecumenical_altar_drowned_temple,
          minmay_close_crescents, uniq_sigmund

Skill      XL: |  1  2 |
---------------+-------+-----
Axes           | 2 3 |  3.2
Fighting       | |  3.2
Armour         | |  3.2
Shields        | |  3.2

Action                   || total
-------------------------++-------
Melee: War axe           ||    87
  Use: Scroll            ||     3
Armor: Scale mail        ||    43
Dodge: Dodged            ||    47
Block: Buckler           ||    11

Table legend:
 A = Non-vault XP
 B = Vault XP
 C = Vault XP percentage of total XP
 D = Non-vault monster count
 E = Vault monster count
 F = Vault count percentage of total count
                 A         B        C        D         E       F
            +---------+---------+-------+---------+---------+-------
      Total |      41 |       4 |   8.9 |      24 |       4 |  14.3
            +---------+---------+-------+---------+---------+-------
        D:1 |      35 |       0 |   0.0 |      21 |       0 |   0.0
        D:2 |       6 |       4 |  40.0 |       3 |       4 |  57.1
            +---------+---------+-------+---------+---------+-------
